 Seeded DCSS version 0.31-a0-656-gb4d89c20fa (webtiles) character file.

Game seed: 13626088154475070101 (custom seed)

12336 bmack86 the Severer (level 11, -1/141 HPs)
             Began as a Minotaur Fighter on Aug 30, 2023.
             Was an Initiate of Gozag.
             Shot with an arrow by a centaur (3 damage)
             ... on level 9 of the Dungeon.
             The game lasted 00:21:44 (7123 turns).

bmack86 the Severer (Minotaur Fighter)              Turns: 7123, Time: 00:21:45

Health: -1/141     AC: 25    Str: 26    XL:     11   Next: 61%
Magic:  10/10      EV:  2    Int:  5    God:    Gozag
Gold:   752        SH:  4    Dex:  9    Spells: 10/10 levels left

rFire   . . .        B - +9 broad axe
rCold   x . .        c - +0 buckler
rNeg    + . .        m - melded +2 plate armour
rPois   +            h - melded +2 hat
rElec   .            x - melded +0 cloak
rCorr   .            (gloves currently unavailable)
SInv    .            (boots currently unavailable)
Will    .....        (no amulet)
Stlth   ++           t - +5 ring of evasion
HPRegen 0.43/turn    e - ring "Itwith" {Fly rC- rN+ Slay+2 Stlth+}
MPRegen 0.12/turn

%: no passive effects
@: tree-form, gold aura
A: stationary, stasis, torment immunity, boosted hp, (horns 2), (retaliatory
headbutt)
a: Renounce Religion, Potion Petition, Call Merchant, Bribe Branch


You were on level 9 of the Dungeon.
You worshipped Gozag.
Gozag was pleased with you.
You were a tree.
You visited 2 branches of the dungeon, and saw 10 of its levels.
You also visited: Bailey.

You collected 1213 gold pieces.
You spent 344 gold pieces at shops.
You paid 117 gold pieces to Gozag.

Inventory:

Hand Weapons
 a - a +1 spectral war axe
 B - a +9 broad axe (weapon)
Missiles
 g - 5 silver javelins
 z - 18 boomerangs
Armour
 c - a +0 buckler (worn)
 h - a +2 hat (melded)
 m - a +2 plate armour (melded)
 x - a +0 cloak (melded)
Jewellery
 e - the ring "Itwith" (right branch) {Fly rC- rN+ Slay+2 Stlth+}
   (You acquired it on level 7 of the Dungeon)

   [ring of flight]

   Slay+2:    It affects your accuracy & damage with ranged weapons and melee
   (+2).
   rC-:       It makes you vulnerable to cold.
   rN+:       It protects you from negative energy.
   Fly:       It grants you flight.
   Stlth+:    It makes you more stealthy.
 j - a ring of ice
 k - a ring of fire
 o - a ring of protection from fire
 r - a ring of fire
 t - a +5 ring of evasion (left branch)
 u - a ring of magical power
Wands
 b - a wand of flame (7)
 v - a wand of iceblast (8)
 w - a wand of paralysis (15)
 y - a wand of acid (3) (quivered)
Scrolls
 f - 3 scrolls of teleportation
 p - 2 scrolls of fear
 q - a scroll of blinking
 A - 2 scrolls of revelation
 E - 4 scrolls of fog
Potions
 d - a potion of might
 l - a potion of ambrosia
 n - 5 potions of curing
 D - a potion of cancellation


   Skills:
 - Level 7.9 Fighting
 + Level 17.9 Axes
 - Level 3.6 Armour
 - Level 5.0 Shields
 * Level 8.7 Evocations


You had 10 spell levels left.
You didn't know any spells.
Your spell library contained the following spells:

 Spells                   Type           Power      Damage    Failure   Level
 Apportation              Tloc           0%         N/A       52%         1
 Magic Dart               Conj           0%         1d3       52%         1
 Necrotise                Necr           0%         1d4       52%         1
 Summon Small Mammal      Summ           0%         N/A       52%         1
 Searing Ray              Conj           0%         2d4       67%         2
 Ignite Poison            Fire/Tmut/Pois 0%         N/A       88%         3
 Inner Flame              Hex/Fire       0%         N/A       88%         3
 Portal Projectile        Hex/Tloc       0%         N/A       88%         3
 Tukima's Dance           Hex            0%         N/A       88%         3
 Fulminant Prism          Conj/Hex       0%         3d5       99%         4
 Iskenderun's Mystic Bla  Conj/Tloc      0%         2d3       99%         4
 Sticky Flame             Conj/Fire      0%         2d3       99%         4
 Vhi's Electric Charge    Tloc/Air       0%         N/A       99%         4
 Arcjolt                  Conj/Air       0%         1d10      100%        5
 Yara's Violent Unravell  Hex/Tmut       0%         3d3       100%        5
 Enfeeble                 Hex            0%         N/A       100%        7
 Ignition                 Fire           0%         3d3       100%        8
 Maxwell's Capacitive Co  Air            0%         ∞         100%        8


Dungeon Overview and Level Annotations

Branches:
Dungeon (9/15)             Temple (1/1) D:7             Orc (0/2) D:9
 Bailey (visited)
   Lair: D:8-11

Altars:
Ashenzari
Cheibriados
Dithmenos
Elyvilon
Fedhas
Gozag
Hepliaklqana
Kikubaaqudgha
Makhleb
Nemelex Xobeh
Qazlal
Ru
Sif Muna
Trog
Uskayaw
Vehumet
Wu Jian
Xom
Yredelemnul
The Shining One

Shops:
D:7 ?*?   D:8 :


Innate Abilities, Weirdness & Mutations

You are a tree.
Your roots penetrate the ground, keeping you stationary.
You cannot be teleported.
You are immune to unholy pain and torment.
Your maximum health is greatly increased.
Your equipment is partially melded.
((You have a pair of horns on your head.))
((You reflexively headbutt those who attack you in melee.))


Message History

You hear an angry hiss.
You cannot move.
You cannot move.
The centaur shoots an arrow.
The arrow hits you.
* * * LOW HITPOINT WARNING * * *
You slash the centaur!
The centaur is severely wounded.
The centaur unwields a +0 shortbow.
The centaur hits you but does no damage.
The centaur kicks you but does no damage.
You slice the centaur!!
You kill the centaur!
You hear an angry hiss.
The centaur is distracted by your dazzling golden aura.
The centaur shouts!
You slash the wyvern!
The wyvern is moderately wounded.
The wyvern bites you but does no damage.
You slice the wyvern!!
You kill the wyvern!
A wyvern comes into view.
You closely miss the wyvern.
The wyvern bites you but does no damage.
The wyvern bites you.
* * * LOW HITPOINT WARNING * * *
You slice the wyvern!!
The wyvern is almost dead.
You hear a shout!
The centaur is no longer distracted by gold.
You block the wyvern's attack.
You slice the wyvern!!
You kill the wyvern!
The centaur wields a +0 orcbow.
The centaur shoots an arrow.
The arrow hits you but does no damage.
The centaur shoots an arrow.
The arrow hits you.
* * * LOW HITPOINT WARNING * * *
You are no longer corroded.
The centaur shoots an arrow.
The arrow hits you.
You die...
Your body crumbles into a pile of gold.

##### ##...## ##
#####.....## #:#
........)..# #.#
.......)<.# #.# #.
###.####)))#### #c#
#.# #.....##.)....#
#.# #.#
.......#...######$#
#.# ......)#...#
##♣# #.# #.
..._.......#
#$###.# #.#
.......#..## ##.#.#
#.# .......#..##
##.# #.#
#.....##...##
##.#.#.# #.
###.####...)#
#.###.# #.#
.........#..#
##.#.#.#.# #.
##..........# ##.#
#.# #.#
#.########.#
##.#.#.#.#.# #.


You could see a centaur.

Vanquished Creatures
  An orc warlord (Bailey)
  Pikel (D:9)
  2 orc knights (Bailey)
  A gargoyle (D:9)
  A freezing wraith (D:9)
  A tengu conjurer (D:9)
  A troll (D:9)
  4 wyverns (D:9)
  4 yaks (D:9)
  A steam dragon (D:8)
  Menkaure (D:4)
  An acid dragon (D:9)
  A water moccasin (D:5)
  A sky beast (D:7)
  An ice beast (D:7)
  4 orc warriors
  2 black bears (D:6)
  4 centaurs
  2 phantoms
  3 lemures (D:9)
  2 kobold brigands
  4 bullfrogs
  5 scorpions
  10 wights
  8 killer bees
  A howler monkey (D:9)
  7 hounds
  2 jellies
  An orc priest (D:7)
  Jessica (D:2)
  A sleepcap (D:7)
  3 iguanas (D:5)
  8 orc wizards
  8 adders
  6 gnolls
  2 white imps
  3 ufetubi
  A worm (D:5)
  2 dart slugs (D:1)
  25 orcs
  4 bats
  4 endoplasms
  3 giant cockroaches
  14 goblins
  4 hobgoblins
  6 jackals
  25 kobolds
  4 quokkas
  6 ball pythons
  7 frilled lizards
  3 rats
217 creatures vanquished.

Notes
Turn   | Place    | Note
-------+----------+-------------------------------------------
     0 | D:1      | bmack86 the Minotaur Fighter began the quest for the Orb.
     0 | D:1      | Reached XP level 1. HP: 19/19 MP: 0/0
    88 | D:1      | Reached XP level 2. HP: 19/26 MP: 1/1
   233 | D:1      | Reached skill level 3 in Axes
   445 | D:1      | Found a faded altar of an unknown god.
   597 | D:2      | Noticed Jessica
   605 | D:2      | Killed Jessica
   606 | D:2      | Reached skill level 5 in Shields
   606 | D:2      | Reached XP level 3. HP: 30/31 MP: 2/2
   737 | D:2      | Reached skill level 4 in Axes
   737 | D:2      | Reached XP level 4. HP: 20/39 MP: 3/3
  1286 | D:3      | Reached skill level 5 in Axes
  1436 | D:3      | Found a shadowy altar of Dithmenos.
  1493 | D:3      | Reached XP level 5. HP: 39/45 MP: 4/4
  1652 | D:3      | Reached skill level 6 in Axes
  2275 | D:4      | Reached XP level 6. HP: 50/51 MP: 5/5
  2285 | D:4      | Reached skill level 7 in Axes
  2673 | D:4      | Noticed Menkaure
  2677 | D:4      | Killed Menkaure
  2678 | D:4      | Reached skill level 8 in Axes
  2877 | D:5      | Entered Level 5 of the Dungeon
  2921 | D:5      | Found a shadowy altar of Dithmenos.
  2928 | D:5      | Reached XP level 7. HP: 57/57 MP: 6/6
  2977 | D:5      | Reached skill level 9 in Axes
  3205 | D:5      | Reached skill level 10 in Axes
  3677 | D:5      | Found a snail-covered altar of Cheibriados.
  3880 | D:6      | Reached XP level 8. HP: 64/64 MP: 7/7
  3884 | D:6      | Reached skill level 11 in Axes
  3901 | D:6      | Found a radiant altar of Vehumet.
  4048 | D:6      | Reached skill level 12 in Axes
  4615 | D:7      | Reached skill level 13 in Axes
  4640 | D:7      | Found Hites's Magic Scroll Shop.
  4711 | D:7      | Found Zecs's General Store.
  4767 | D:7      | Reached skill level 1 in Evocations
  4767 | D:7      | Reached XP level 9. HP: 49/70 MP: 8/8
  4779 | D:7      | Found a flagged portal.
  4836 | D:7      | Found a staircase to the Ecumenical Temple.
  4846 | Temple   | Entered the Ecumenical Temple
  4869 | Temple   | Became a worshipper of Gozag Ym Sagoz the Greedy
  4942 | Bailey   | Entered a bailey
  4947 | Bailey   | Noticed an orc warlord
  5062 | Bailey   | Noticed an orc knight
  5073 | Bailey   | Killed an orc knight
  5141 | Bailey   | Found a runed translucent gate.
  5145 | Bailey   | Found a runed translucent gate.
  5146 | Bailey   | Found a runed translucent gate.
  5233 | Bailey   | Noticed an orc knight
  5246 | Bailey   | Killed an orc knight
  5247 | Bailey   | Reached skill level 14 in Axes
  5247 | Bailey   | Reached skill level 5 in Evocations
  5283 | Bailey   | Killed an orc warlord
  5284 | Bailey   | Reached XP level 10. HP: 70/77 MP: 9/9
  5314 | Bailey   | Reached skill level 17 in Axes
  5314 | Bailey   | Reached XP level 11. HP: 93/94 MP: 10/10
  5398 | D:7      | Identified a scroll of acquirement
  5398 | D:7      | Acquired the ring "Itwith" {Fly rC- rN+ Slay+2 Stlth+}
  5526 | D:7      | Found Waniekel's Magic Scroll Boutique.
  5529 | D:7      | Bought a scroll of enchant armour for 82 gold pieces
  5529 | D:7      | Bought a scroll of enchant weapon for 82 gold pieces
  5847 | D:7      | Bought a scroll of enchant weapon for 90 gold pieces
  5847 | D:7      | Bought a scroll of enchant weapon for 90 gold pieces
  6304 | D:8      | Found Piuloss's Book Boutique.
  6748 | D:9      | Found a sparkling altar of Nemelex Xobeh.
  6748 | D:9      | Noticed Pikel
  6758 | D:9      | Killed Pikel
  6875 | D:9      | Found a staircase to the Orcish Mines.
  7114 | D:9      | HP: 6/141 [centaur/arrow (3)]
  7119 | D:9      | HP: 4/141 [wyvern (4)]
  7123 | D:9      | Shot with an arrow by a centaur

Illustrated notes

Levels and vault maps discovered:
D:1:      lightli_arrival_statuegarden, layout_rooms,
          dreamdust_ecumenical_altar_hidden_monk_grotto, hangedman_decor_lopped,
          corexii_leaking_fountain
D:2:      layout_basic, uniq_jessica
D:3:      layout_basic, mainiacjoe_overflow_chevrons, hex_medium
D:4:      layout_basic, uniq_menkaure
D:5:      layout_basic, serial_glass, glass_columns_b, glass_columns_c,
          glass_columns_c, glass_columns_a, glass_columns_c, glass_columns_c,
          hangedman_feature_mirror, kennysheep_generic_room_11
D:6:      layout_gridville, nicolae_vehumet_altar_sigil,
          chequers_serial_rivers_micro_c, nicolae_sextant, minmay_misc_feat_x
D:7:      layout_loops_cross, minmay_temple_entry_trees, serial_shops,
          nicolae_shop_tiny_real_fake_doors, shop, nicolae_shop_tiny_glass,
          enter_bailey_3
D:8:      layout_basic, serial_shops, shop
D:9:      minmay_imperfect_grid, layout_rooms, okawaru_humans,
          old_standard_altar, orc_0_dummy, uniq_pikel
Temple:   bh_familiar_temple

Skill      XL: |  1  2  3  4  5  6  7  8  9 10 11 |
---------------+----------------------------------+-----
Shields        | 4 5 |  5.0
Axes           | 3 4 5 6 8 10 13 14 17 | 17.9
Evocations     | 1 6 8 |  8.7
Fighting       | 7 |  7.9
Armour         | |  3.6

Action                     |  1- 3 |  4- 6 |  7- 9 | 10-12 || total
---------------------------+-------+-------+-------+-------++-------
  Melee: War axe           |    54 |   104 |   138 |     3 ||   299
         Headbutt          |     7 |    19 |    27 |    20 ||    73
         Broad axe         |       |       |       |   118 ||   118
  Evoke: Wand              |       |       |     5 |       ||     5
    Use: Scroll            |       |    11 |     2 |    12 ||    25
         Potion            |       |       |     2 |     2 ||     4
   Stab: Distracted        |       |       |     2 |       ||     2
 Armour: Scale mail        |    32 |     3 |       |       ||    35
         Plate armour      |       |    69 |    72 |    56 ||   197
         Skin              |       |       |       |    11 ||    11
  Dodge: Dodged            |    19 |    37 |    61 |    63 ||   180
  Block: Buckler           |    13 |    25 |    24 |    24 ||    86

Table legend: (Time is in decaauts)
 A = Elapsed time spent in this place.
 B = Non-inter-level travel time spent in this place.
 C = Inter-level travel time spent in this place.
 D = Time resting spent in this place.
 E = Time spent auto-exploring this place.
 F = Levels seen in this place.
 G = Mean time per level.
                   A        B        C        D        E       F      G
               +--------+--------+--------+--------+--------+-----+--------+
         Total |   7117 |   6827 |    290 |    120 |   4699 |  11 |  647.0 |
       Dungeon |   6632 |   6385 |    247 |     81 |   4630 |   9 |  736.9 |
        Temple |     45 |      2 |     43 |      0 |      0 |   1 |   45.0 |
        Bailey |    438 |    438 |      0 |     39 |     69 |   1 |  438.0 |
               +--------+--------+--------+--------+--------+-----+--------+

Top non-repeatable levels by time:
     D:3: 983 daAuts
     D:5: 920 daAuts
     D:8: 830 daAuts
     D:7: 790 daAuts
     D:4: 748 daAuts
     D:2: 715 daAuts
     D:6: 710 daAuts
     D:1: 557 daAuts
  Bailey: 438 daAuts
     D:9: 376 daAuts
  Temple: 45 daAuts
